cohdb
Replays
Latest Replays
All Replays
Popular Replays
Top Player Replays
Match Explorer
How It Works
Community
CoH3 Stats
Reddit
Sign in to upload your games and track your stats! →
Sign in with Steam
Match 41702247
Unlisted
Match 41702247
Overview
Messages
Build Orders
End
Pioneer Squad
Construct Infanterie Kompanie
Selects Terror Battlegroup
Selects Terror Battlegroup
Grenadier Squad
MG 42 Machine Gun Team
MG 42 Machine Gun Team
Grenadier Squad
Construct Panzergrenadier Kompanie
Selects Interrogate
Panzergrenadier Squad
Support Elements
Selects Propaganda Leaflet Drop
StuG III G Assault Gun
Selects Machine Gun Camouflage
Pak 40 Anti-tank Gun Team
Panzergrenadier Squad
Selects V1 Rocket Strike
Pak 40 Anti-tank Gun Team
Construct Panzer Kompanie
V1 Rocket Strike
Selects No Quarter
Panzer IV Medium Tank
Pioneer Squad
Repair Bunker
Panzer IV Medium Tank
Panzer Officer Quarters
V1 Rocket Strike
.
KevinTDW
Vlavius
Alexem
0
0
Comments
sign in to comment!
No comments posted yet!